Map: Proxima Station LE

Players

TheMagician - Winner!

  • Race: Protoss Protoss
  • League: Diamond
  • Spawn Location: 1:00

Degurechaff

  • Race: Terran Terran
  • League: Master
  • Spawn Location: 7:00

VOD

Have the link to the VOD?

Description

Time

  • Played on: March 18, 2017, 11:21 p.m.
  • Length: 6:50
Show
View Real Time Build Order
Export as new Build Order

TheMagician Protoss - Winner!

Build Orders:  

Get SALT Encoding   

  12  0:04  Probe (Chrono Boost)  
  13  0:14  Probe (Chrono Boost)  
  14  0:22  Pylon  
  14  0:25  Probe (Chrono Boost)  
  15  0:40  Probe (Chrono Boost)  
  15  0:42  Gateway  
  16  0:51  Probe (Chrono Boost)  
  17  1:02  Probe (Chrono Boost)  
  17  1:03  Assimilator  
  18  1:07  Assimilator  
  18  1:12  Probe (Chrono Boost)  
  18  1:13  Pylon  
  19  1:23  Probe (Chrono Boost)  
  20  1:33  Probe (Chrono Boost)  
  21  1:44  Probe (Chrono Boost)  
  22  1:54  Probe (Chrono Boost), Gateway  
  22  1:55  Cybernetics Core  
  23  2:05  Probe (Chrono Boost)  
  25  2:15  Probe (Chrono Boost)  
  25  2:26  Probe (Chrono Boost)  
  26  2:33  Pylon  
  26  2:49  Mothership Core (Chrono Boost)  
  28  2:51  Stargate  
  28  2:54  Stargate  
  28  2:58  Pylon  
  27  3:20  Pylon  
  27  3:26  Forge  
  27  3:28  Pylon  
  27  3:34  Void Ray  
  27  3:37  Void Ray  
  35  4:00  Photon Cannon  
  35  4:07  Photon Cannon  
  35  4:17  Void Ray  
  39  4:32  Void Ray  
  43  4:44  Pylon  
  43  4:51  Photon Cannon  
  43  4:59  Pylon  
  43  5:15  Void Ray  
  36  5:47  Pylon  
  36  5:58  Void Ray  
Show
View Real Time Build Order
Export as new Build Order

Degurechaff Terran 

Build Orders: Cyclone Opening 

Get SALT Encoding   

  12  0:01  SCV  
  13  0:13  SCV  
  14  0:18  Supply Depot  
  14  0:25  SCV  
  14  0:28  Refinery  
  15  0:39  SCV  
  16  0:45  Barracks  
  16  0:52  SCV  
  17  1:04  SCV  
  18  1:16  SCV  
  19  1:33  Reaper, Orbital Command  
  20  1:55  Factory  
  20  2:03  Supply Depot  
  20  2:04  Barracks  
  20  2:06  Marine  
  21  2:20  SCV  
  21  2:24  Marine  
  22  2:42  Cyclone, Marine  
  26  2:45  Supply Depot  
  26  2:53  Marine  
  27  3:00  Marine  
  27  3:04  Refinery  
  28  3:11  SCV, Marine  
  28  3:12  Supply Depot  
  29  3:17  Starport  
  29  3:18  Marine  
  30  3:21  Widow Mine  
  30  3:23  SCV  
  33  3:29  Marine  
  34  3:36  SCV  
  34  3:38  Marine  
  36  3:46  Marine  
  36  3:48  SCV  
  38  3:51  Widow Mine  
  38  3:54  Medivac  
  42  4:00  SCV  
  43  4:03  Marine  
  44  4:14  Command Center  
  44  4:20  SCV  
  45  4:27  Medivac  
  47  4:52  Factory Tech Lab  
  47  4:56  Factory  
  47  5:10  Barracks Reactor  
  47  5:13  Supply Depot  
  47  5:24  SCV  
  47  5:26  Viking  
  42  5:36  SCV  
  31  5:48  SCV  
  31  6:00  SCV  
Tags
 
Add a new tag
Caveats
  • Supply blocks, unpowered buildings, or Contaminate may cause inaccurate times.
  • Supply counts are checked every 10 seconds.